cohdb
Replays
Latest Replays
All Replays
Popular Replays
Top Player Replays
Match Explorer
How It Works
Community
CoH3 Stats
Reddit
Sign in to upload your games and track your stats! →
Sign in with Steam
Match 47045443
Unlisted
Match 47045443
Overview
Messages
Build Orders
End
Construct Section Command Post
Selects Australian Defense Battlegroup
Selects Australian Light Infantry Section
Australian Light Infantry Section
Infantry Section
Dingo Light Scout Car
Infantry Section
Construct Field Infirmary
Construct Platoon Command Post
Selects 2-pounder Anti-tank Gun Team
Infantry Section
Grenade Package
6-pounder Anti-tank Gun Team
Infantry Training
ML 3-inch Mortar Team
Selects Vehicle Over Repair
Infantry Section
WordBearers[Borgore]
Willaguy
0
0
Comments
sign in to comment!
No comments posted yet!